 Dungeon Crawl Stone Soup version 0.21-a0-529-g8c7b3f5 (webtiles) character file.

78 Gildeon the Slasher (level 4, 0/35 HPs)
             Began as a Human Fighter on Dec 11, 2017.
             Succumbed to a scorpion's poison
             ... on level 2 of the Dungeon.
             The game lasted 00:04:46 (717 turns).

Gildeon the Slasher (Human Fighter)                  Turns: 717, Time: 00:04:47

Health: 0/35       AC:  7    Str: 16    XL:     4   Next: 61%
Magic:  4/4        EV:  9    Int: 15    God:
Gold:   27         SH:  0    Dex: 12    Spells: 3/3 levels left

rFire    . . .     SeeInvis .   a - +0 long sword
rCold    . . .     Gourm    .   (no shield)
rNeg     . . .     Faith    .   b - +1 scale mail
rPois    .         Spirit   .   (no helmet)
rElec    .         Reflect  .   (no cloak)
rCorr    .         Harm     .   (no gloves)
MR       .....                  (no boots)
Stlth    ..........             (no amulet)
HPRegen  0.11/turn              (no ring)
MPRegen  0.09/turn              (no ring)

@: brilliant, lethally poisoned (0 -> -2)
A: no striking features
a: no special abilities


You were on level 2 of the Dungeon.
You were not hungry.

You visited 1 branch of the dungeon, and saw 2 of its levels.

You collected 27 gold pieces.

Inventory:

Hand Weapons
 a - a +0 long sword (weapon)
Missiles
 i - 74 arrows
Armour
 b - a +1 scale mail (worn)
Potions
 d - a potion of might
Comestibles
 c - a chunk of flesh
 f - a bread ration
 h - a meat ration


   Skills:
 - Level 3.0 Fighting
 + Level 4.5 Long Blades
 - Level 3.0 Armour
   Level 3.0 Shields


You had 3 spell levels left.
You didn't know any spells.

Dungeon Overview and Level Annotations

Branches:
Dungeon (2/15)

Altars:
Elyvilon


Message History

You feel sick.
Things that are here:
a club; a chunk of flesh; a goblin skeleton
c - a chunk of flesh
* * * LOW HITPOINT WARNING * * *
You feel sick.
You open the door.
An orc comes into view. It is wielding a dagger.
* * * LOW HITPOINT WARNING * * *
You feel sick.
The orc shouts!
An orc wizard comes into view. It is wielding a dagger.
There is an open door here.
A goblin comes into view.
The goblin shouts!
The orc wizard shouts!
An orc comes into view. It is wielding a hand axe.
* * * LOW HITPOINT WARNING * * *
You feel sick.
Found a pair of boots.
You die...

......###.......o#
........#..#...oo#
........#..#.....# ##.
........#..#.....# .[..
..##.......'....g###....
..#........#.....#.....
........#.)#.......#
#.#....###.####....#
..............#.@..#
⌠.............#....#
..............#....#
⌠..................#
....#..............#
#.#.#...............
....#................
.####.................
.............


You could see 2 orcs and a goblin.

Vanquished Creatures
  A scorpion (D:2)
  A dart slug (D:2)
  2 giant cockroaches (D:1)
  4 goblins
  4 hobgoblins (D:1)
  4 kobolds (D:1)
  3 bats
  3 frilled lizards (D:1)
  3 rats (D:1)
25 creatures vanquished.

Notes
Turn   | Place    | Note
-------+----------+-------------------------------------------
     0 | D:1      | Gildeon the Human Fighter began the quest for the Orb.
     0 | D:1      | Reached XP level 1. HP: 18/18 MP: 1/1
   142 | D:1      | Reached XP level 2. HP: 24/24 MP: 2/2
   297 | D:1      | Reached skill level 3 in Long Blades
   429 | D:1      | Reached XP level 3. HP: 29/29 MP: 3/3
   641 | D:2      | Found a white marble altar of Elyvilon.
   683 | D:2      | Noticed a scorpion
   694 | D:2      | Killed a scorpion
   694 | D:2      | Reached skill level 4 in Long Blades
   694 | D:2      | Reached XP level 4. HP: 13/35 MP: 4/4
   713 | D:2      | HP: 1/35 [poisoned by a scorpion]
   717 | D:2      | Succumbed to a scorpion's poison

Vault maps used:
D:1:      eino_arrival_water_star, st_stairs_13
D:2:      elyvilon_altar_5, item_on_display_a

Skill      XL: |  1  2  3 |
---------------+----------+-----
Long Blades    | 3 4 |  4.5
Fighting       | |  3.0
Armour         | |  3.0
Shields        | |  3.0

Action                   |  1- 3 |  4- 6 || total
-------------------------+-------+-------++-------
Melee: Long sword        |    60 |     5 ||    65
Throw: Tomahawk          |     2 |       ||     2
  Use: Scroll            |     4 |       ||     4
       Potion            |       |     1 ||     1
Armor: Scale mail        |    34 |     2 ||    36
Dodge: Dodged            |    45 |     1 ||    46
       Rpst.: Long sword |    15 |       ||    15

Table legend:
 A = Spawn XP
 B = Non-spawn XP
 C = Spawn XP percentage of total XP
 D = Spawn monster count
 E = Non-spawn monster count
 F = Spawn count percentage of total count
 G = Total turns spent on level
                    A         B        C        D         E        F      G
               +---------+---------+-------+---------+---------+-------+---------
         Total |       0 |     112 |   0.0 |       0 |      25 |   0.0 |   717
               +---------+---------+-------+---------+---------+-------+---------
           D:1 |       0 |      33 |   0.0 |       0 |      21 |   0.0 |   635
           D:2 |       0 |      79 |   0.0 |       0 |       4 |   0.0 |    82
               +---------+---------+-------+---------+---------+-------+---------
